 Dungeon Crawl Stone Soup version 0.30.1-9-gdf580d7c3d (webtiles) character file.

Game seed: 16472145517002268870

160 Dillybarz the Covered (level 5, 0/47 HPs)
             Began as a Minotaur Fighter on Oct 6, 2023.
             Slain by a gnoll
             ... wielding a +0 halberd
              (1 damage)
             ... on level 4 of the Dungeon.
             The game lasted 00:06:46 (2043 turns).

Dillybarz the Covered (Minotaur Fighter)            Turns: 2043, Time: 00:06:46

Health: 0/47       AC:  8    Str: 22    XL:     5   Next: 17%
Magic:  4/4        EV:  9    Int:  5    God:
Gold:   56         SH:  4    Dex: 10    Spells: 4/4 levels left

rFire   . . .        a - +0 war axe
rCold   . . .        c - +0 buckler
rNeg    . . .        b - +0 scale mail
rPois   .            (helmet restricted)
rElec   .            p - +0 cloak
rCorr   .            (no gloves)
SInv    .            (no boots)
Will    .....        (no amulet) Stlth
                     (no ring)
HPRegen 0.27/turn    (no ring)
MPRegen 0.09/turn

%: no passive effects
@: no status effects
A: horns 2, retaliatory headbutt
a: no special abilities


You were on level 4 of the Dungeon.
You visited 1 branch of the dungeon, and saw 6 of its levels.

You collected 56 gold pieces.

Inventory:

Hand Weapons
 a - a +0 war axe (weapon)
Missiles
 i - 2 poisoned darts (quivered)
 j - 34 stones
Armour
 b - a +0 scale mail (worn)
 c - a +0 buckler (worn)
 k - a +0 tower shield
 p - a +0 cloak (worn)
Scrolls
 f - 3 scrolls of identify {unknown}
 m - a scroll of teleportation {unknown}
 n - a scroll of enchant weapon {unknown}
 q - a scroll of magic mapping {unknown}
Potions
 d - 2 potions of might
 e - a potion of mutation {unknown}
 g - 2 potions of experience {unknown}
 h - a potion of ambrosia {unknown}
 l - a potion of haste {unknown}
 o - a potion of brilliance {unknown}
 r - 2 potions of curing


   Skills:
 + Level 4.5 Fighting
 * Level 4.5 Axes
 + Level 4.5 Armour
 + Level 4.5 Shields


You had 4 spell levels left.
You didn't know any spells.
Your spell library contained the following spells:

 Spells                   Type           Power      Damage    Failure   Level
 Sublimation of Blood     Necr           0%         N/A       94%         2
 Wereblood                Tmut           0%         N/A       94%         2
 Summon Hydra             Summ           0%         N/A       100%        7


Dungeon Overview and Level Annotations

Branches:
Dungeon (6/15)
 Temple: D:4-7

Altars:
Nemelex Xobeh
Qazlal

Shops:
D:1 ?


Innate Abilities, Weirdness & Mutations

You have a pair of horns on your head.
You reflexively headbutt those who attack you in melee.


Message History

You feel sick.
You are no longer poisoned.
The adder bites you.
You are poisoned.
The adder poisons you! The adder barely misses you. You furiously retaliate!
You headbutt the adder. You hit the adder but do no damage.
Your headbutt misses the adder.
The adder is severely wounded.
You feel sick. The adder bites you but does no damage.
You closely miss the adder.
The adder is severely wounded.
You feel sick. The adder bites you.
* * * LOW HITPOINT WARNING * * *
The adder closely misses you.
You closely miss the adder.
The adder is heavily wounded.
You feel sick. The adder bites you.
* * * LOW HITPOINT WARNING * * *
The adder bites you but does no damage.
You barely miss the adder.
The adder is heavily wounded.
You feel sick. The adder bites you but does no damage.
You slash the adder!
You kill the adder!
You feel sick.
You are no longer poisoned.
The hound barely misses you. You furiously retaliate!
You headbutt the hound!
You kill the hound!
You have reached level 5!
The gnoll hits you with a +0 halberd!
* * * LOW HITPOINT WARNING * * *
You see here an adder corpse.
You barely miss the gnoll. The gnoll barely misses you.
You furiously retaliate!
You headbutt the gnoll. You hit the gnoll.
The gnoll is moderately wounded.
The gnoll hits you with a +0 halberd.
* * * LOW HITPOINT WARNING * * *
The gnoll hits you with a +0 halberd.
You die...

#
##..#
#g.#
#..#
#..#
#g.#
##g##
##g##
##g##
##@##
#.##
###


You could see 4 gnolls.

Vanquished Creatures
  A hound (D:4)
  Crazy Yiuf (D:3)
  3 adders
  A worm (D:2)
  2 dart slugs (D:2)
  3 bats
  9 endoplasms
  4 giant cockroaches
  6 goblins
  8 hobgoblins
  5 jackals
  6 kobolds
  2 quokkas (D:2)
  4 ball pythons
  3 frilled lizards
  4 rats
62 creatures vanquished.

Notes
Turn   | Place    | Note
-------+----------+-------------------------------------------
     0 | D:1      | Dillybarz the Minotaur Fighter began the quest for the Orb.
     0 | D:1      | Reached XP level 1. HP: 19/19 MP: 0/0
   114 | D:1      | Reached XP level 2. HP: 27/27 MP: 1/1
   431 | D:1      | Reached XP level 3. HP: 30/33 MP: 2/2
   443 | D:1      | Found Omaxt's Magic Scroll Shoppe.
   908 | D:2      | Found a sparkling altar of Nemelex Xobeh.
  1100 | D:2      | Reached XP level 4. HP: 40/40 MP: 3/3
  1508 | D:3      | Found a stormy altar of Qazlal.
  1715 | D:3      | Found a runed translucent door.
  1716 | D:3      | Noticed Crazy Yiuf
  1731 | D:3      | Killed Crazy Yiuf
  1875 | D:3      | You fall into a shaft and drop 3 floors!
  1953 | D:5      | Entered Level 5 of the Dungeon
  2041 | D:4      | Reached XP level 5. HP: 8/47 MP: 4/4
  2041 | D:4      | HP: 1/47 [gnoll/+0 halberd (7)]
  2043 | D:4      | Slain by a gnoll

Illustrated notes

Levels and vault maps discovered:
D:1:      lightli_arrival_boilingwater, layout_loops_cross, serial_shops,
          nicolae_shop_tiny_glass, minmay_tromino_v4_c
D:2:      layout_basic, basic_altar, chequers_big_river
D:3:      kennysheep_big_flooded_room, layout_rooms, grunt_qazlal_clouds,
          shapermc_ecumenical_altar_mp_highgroup, minmay_unequal,
          uniq_crazy_yiuf_cottage
D:4:      layout_layer_cave
D:5:      kennysheep_spiral_hall, layout_loops_ring, lemuel_round_altar
D:6:      layout_gridville, worldfamousw_hep_ancestral_shrine,
          mainiacjoe_overflow_big_doors, temple_statues, uniq_grinder

Skill      XL: |  1  2  3  4 |
---------------+-------------+-----
Axes           | 3 4 |  4.5
Shields        | 4 |  4.5
Armour         | 4 |  4.5
Fighting       | 4 |  4.5

Action                     |  1- 3 |  4- 6 || total
---------------------------+-------+-------++-------
  Melee: War axe           |   102 |    50 ||   152
         Headbutt          |    13 |     5 ||    18
 Armour: Scale mail        |    44 |    24 ||    68
  Dodge: Dodged            |    45 |    28 ||    73
  Block: Buckler           |    15 |    14 ||    29
